 Dungeon Crawl Stone Soup version 0.21-a0-476-gd103f4b (webtiles) character file.

1241 kae the Insei (level 8, -8/59 HPs)
             Began as a Black Draconian Transmuter on Nov 22, 2017.
             Killed from afar by Dowan (24 damage)
             ... with a shard of ice
             ... on level 6 of the Dungeon.
             The game lasted 00:09:12 (7746 turns).

kae the Insei (Black Draconian Transmuter)          Turns: 7746, Time: 00:09:13

Health: -8/59      AC:  6    Str: 12    XL:     8   Next: 25%
Magic:  12/14      EV: 12    Int: 13    God:
Gold:   307        SH:  0    Dex: 13    Spells: 10/16 levels left

rFire    . . .     SeeInvis .   v - +10 quarterstaff "Zadd" {flame, rElec}
rCold    . . .     Gourm    .   (shield currently unavailable)
rNeg     . . .     Faith    .   (armour unavailable)
rPois    .         Spirit   .   (helmet restricted)
rElec    +         Reflect  .   (no cloak)
rCorr    .         Harm     .   (no gloves)
MR       .....                  (no boots)
Stlth    +.........             (no amulet)
HPRegen  0.19/turn              m - -2 ring of dexterity (curse)
MPRegen  0.14/turn              x - ring of wizardry

@: lethally poisoned (-8 -> -9)
A: breathe lightning, unfitting armour, electricity resistance, cold-blooded, AC
+6
a: Breathe Lightning


You were on level 6 of the Dungeon.
You were not hungry.

You visited 1 branch of the dungeon, and saw 6 of its levels.

You collected 307 gold pieces.

Inventory:

Hand Weapons
 d - a +0 hand axe
 e - a +0 club
 v - the +10 quarterstaff "Zadd" (weapon) {flame, rElec}
   (You found it on level 4 of the Dungeon)

   It has been specially enchanted to burn those struck by it, causing extra
   injury to most foes and up to half again as much damage against particularly
   susceptible opponents.
   It insulates you from electricity.
Missiles
 a - 60 arrows
Jewellery
 g - an uncursed ring of protection from cold
 m - a cursed -2 ring of dexterity (left hand)
 n - an uncursed ring of protection from cold
 x - a ring of wizardry (right hand)
Wands
 j - a wand of flame (24)
 y - a wand of polymorph (7)
Scrolls
 k - 4 scrolls of identify
 l - 5 scrolls of teleportation
 u - a scroll of magic mapping {unknown}
 w - 2 scrolls of enchant armour
 A - 2 scrolls of blinking
Potions
 f - 4 potions of haste
 h - 5 potions of heal wounds
 i - 2 potions of brilliance
 q - a potion of magic
 r - 2 potions of flight
 t - 2 potions of curing
 z - a potion of might
Books
 b - a book of Changes

   Spells                             Type                      Level
   a - Beastly Appendage              Transmutation                1
   b - Sticks to Snakes               Transmutation                2
   c - Spider Form                    Transmutation/Poison         3
   d - Ice Form                       Ice/Transmutation            4
   e - Blade Hands                    Transmutation                5
 B - a book of Maledictions

   Spells                             Type                      Level
   a - Corona                         Hexes                        1
   b - Ensorcelled Hibernation        Hexes/Ice                    2
   c - Confuse                        Hexes                        3
   d - Tukima's Dance                 Hexes                        3
   e - Dazzling Spray                 Conjuration/Hexes            3
Comestibles
 c - 4 bread rations
 o - 2 meat rations
 p - a royal jelly
 s - 7 fruits
 C - a chunk of flesh


   Skills:
 - Level 1.1 Fighting
 - Level 1.7 Dodging
 * Level 7.0 Unarmed Combat
 + Level 4.5 Spellcasting
 * Level 6.5 Transmutations


You had 10 spell levels left.
You knew the following spells:

 Your Spells              Type           Power        Failure   Level  Hunger
a - Beastly Appendage     Tmut           ###...       1%          1    None
b - Sticks to Snakes      Tmut           ###.....     1%          2    ##.....
c - Spider Form           Tmut/Pois      ##........   6%          3    ###....


Dungeon Overview and Level Annotations

Branches:
Dungeon (6/15)
 Temple: D:4-7

Altars:
Dithmenos
Uskayaw
Yredelemnul
Jiyva

Shops:
D:4 =   D:6 :

Annotations:
D:6 Dowan


Innate Abilities, Weirdness & Mutations

You can breathe wild blasts of lightning.
Your glossy black scales are hard. (AC +6)
You cannot fit into any form of body armour.
You are resistant to electric shocks. (rElec)
You are cold-blooded and may be slowed by cold attacks.


Message History

Dowan seems overcome with grief, but rights himself reflexively soon after.
Dowan seems to find hidden reserves of power!
Your Unarmed Combat skill increases to level 7!
Dowan mumbles some strange words.
Dowan blinks!
The adder barely misses you. The adder bites you but does no damage.
Dowan hits your ball python with a dagger.
Your ball python dies!
You closely miss the adder.
The adder is almost dead.
You feel sick.
Dowan mumbles some strange words.
Dowan blinks!
The adder bites you but does no damage.
You miss the adder.
The adder is almost dead.
The adder closely misses you. x2
Dowan shakes with grief.
Dowan casts a spell at you. The shard of ice hits you!
You die...

..## #.........#
...###.........#
.....##........#
..............#
†.....##....e##
...#######....###
.### ##..S..## ##
###....###
###.@).# ##.S..#
###§...# #.....
##... .. .


You could see Dowan, an adder and a friendly adder.

Vanquished Creatures
  Duvessa (D:6)
  A sky beast (D:6)
  2 ogres
  A centaur (D:5)
  3 scorpions
  2 hounds (D:5)
  2 jellies
  An orc priest (D:2)
  A centaur skeleton (D:5)
  5 orc wizards
  2 worker ants
  A killer bee zombie (D:4)
  A hound skeleton (D:5)
  6 gnolls
  7 adders
  A shadow imp (D:3)
  An adder skeleton (D:4)
  A worm (D:2)
  2 dart slugs
  4 leopard geckos
  27 orcs
  A ball python (D:2)
  7 bats
  2 giant cockroaches (D:3)
  12 goblins
  11 hobgoblins
  8 kobolds
  4 quokkas
  5 frilled lizards
  A quokka skeleton (D:4)
  9 rats
132 creatures vanquished.

Vanquished Creatures (collateral kills)
  A gnoll (D:5)
  An adder (D:3)
  A worm (D:3)
  A bat (D:3)
  A quokka (D:3)
  A rat (D:3)
6 creatures vanquished.

Grand Total: 138 creatures vanquished

Notes
Turn   | Place    | Note
-------+----------+-------------------------------------------
     0 | D:1      | kae the Draconian Transmuter began the quest for the Orb.
     0 | D:1      | Reached XP level 1. HP: 16/16 MP: 3/3
   337 | D:1      | Reached XP level 2. HP: 22/23 MP: 3/5
  1246 | D:1      | Found a viscous altar of Jiyva.
  1250 | D:1      | Reached XP level 3. HP: 27/28 MP: 4/6
  1332 | D:2      | Learned a level 2 spell: Sticks to Snakes
  1336 | D:2      | Learned a level 3 spell: Spider Form
  1675 | D:2      | Found a basalt altar of Yredelemnul.
  1817 | D:2      | Reached XP level 4. HP: 30/35 MP: 7/7
  1860 | D:2      | Found a faded altar of an unknown god.
  2504 | D:1      | HP: 1/35 [gnoll/flail (11)]
  2630 | D:2      | Reached skill level 4 in Unarmed Combat
  2631 | D:2      | HP: 1/35 [gnoll/halberd (4)]
  3020 | D:2      | Found a hide-covered altar of Uskayaw.
  3210 | D:2      | Reached XP level 5. HP: 39/40 MP: 5/9
  4706 | D:4      | Noticed an ogre
  5032 | D:4      | Found Lere Leiw's Jewellery Boutique.
  5034 | D:4      | Killed an ogre
  5034 | D:4      | Reached XP level 6. HP: 14/47 MP: 7/10
  5662 | D:4      | Reached skill level 5 in Unarmed Combat
  5960 | D:4      | Got a bloodstained quarterstaff
  5961 | D:4      | Identified the +10 quarterstaff "Zadd" {flame, rElec} (You found it on level 4 of the Dungeon)
  6234 | D:4      | Reached skill level 5 in Transmutations
  6234 | D:4      | Your scales start taking on a glossy black colour.
  6234 | D:4      | Reached XP level 7. HP: 8/52 MP: 8/12
  6234 | D:4      | Gained mutation: You are resistant to electric shocks. (rElec) [Black Draconian growth]
  6594 | D:4      | Found a shadowy altar of Dithmenos.
  6669 | D:5      | Entered Level 5 of the Dungeon
  6780 | D:5      | Reached skill level 6 in Unarmed Combat
  7563 | D:6      | Reached XP level 8. HP: 51/59 MP: 11/14
  7573 | D:6      | Found Loseq's Book Emporium.
  7732 | D:6      | Noticed Duvessa
  7734 | D:6      | Noticed Dowan
  7744 | D:6      | Killed Duvessa
  7744 | D:6      | Reached skill level 7 in Unarmed Combat
  7746 | D:6      | Killed from afar by Dowan

Vault maps used:
D:1:      erik_arrival_cave_to_civilisation, minivault_25,
          hangedman_decor_slide_cut, lemuel_old_faithful
D:2:      eat_drink_and_be_merry_uskayaw, nicolae_overflow_hidden_temple,
          first_bread, chequers_ecumenical_altar_grove
D:3:      st_stairs_2
D:4:      grunt_dithmenos_shadows, serial_glass, glass_columns_a,
          glass_columns_c, serial_shops, shop
D:6:      nemelex_xobeh_ov_fountains_minmay, minmay_temple_entry_fiery,
          serial_shops, shop, uniq_duvessa

Skill      XL: |  1  2  3  4  5  6  7  8 |
---------------+-------------------------+-----
Transmutations | 3 4 5 6 |  6.5
Unarmed Combat | 4 5 6 7 |  7.0
Spellcasting   | 3 4 |  4.5
Fighting       | |  1.1
Dodging        | |  1.7

Action                   |  1- 3 |  4- 6 |  7- 9 || total
-------------------------+-------+-------+-------++-------
Melee: Club              |    51 |       |       ||    51
       Unarmed           |     8 |    32 |     5 ||    45
       Headbutt          |     9 |     2 |       ||    11
       Tailslap          |    13 |    22 |     5 ||    40
       Kick              |     8 |     3 |       ||    11
       Hand axe          |    77 |   173 |       ||   250
       Punch             |     2 |     4 |       ||     6
       Quarterstaff      |       |    23 |    68 ||    91
 Cast: Beastly Appendage |    20 |     4 |       ||    24
       Sticks to Snakes  |       |    15 |     6 ||    21
       Spider Form       |       |     6 |       ||     6
  Use: Scroll            |     3 |     7 |     3 ||    13
       Potion            |       |     1 |       ||     1
  Eat: Chunk             |     3 |     9 |     6 ||    18
       Fruit             |       |     3 |       ||     3
       Bread ration      |       |     1 |       ||     1
Armor: Skin              |    45 |    82 |    25 ||   152
Dodge: Dodged            |   112 |   218 |    63 ||   393

Table legend:
 A = Spawn XP
 B = Non-spawn XP
 C = Spawn XP percentage of total XP
 D = Spawn monster count
 E = Non-spawn monster count
 F = Spawn count percentage of total count
 G = Total turns spent on level
                    A         B        C        D         E        F      G
               +---------+---------+-------+---------+---------+-------+---------
         Total |       0 |    1773 |   0.0 |       0 |     137 |   0.0 |  7746
               +---------+---------+-------+---------+---------+-------+---------
           D:1 |       0 |      72 |   0.0 |       0 |      27 |   0.0 |  2219
           D:2 |       0 |     137 |   0.0 |       0 |      29 |   0.0 |  1019
           D:3 |       0 |      88 |   0.0 |       0 |      27 |   0.0 |  2251
           D:4 |       0 |     494 |   0.0 |       0 |      25 |   0.0 |  1180
           D:5 |       0 |     627 |   0.0 |       0 |      21 |   0.0 |   854
           D:6 |       0 |     355 |   0.0 |       0 |       8 |   0.0 |   223
               +---------+---------+-------+---------+---------+-------+---------
